 Dungeon Crawl Stone Soup version 0.26.1-2-gb8aa6d0cf2 (webtiles) character file.

Game seed: 11295916517473977004

111 Marvel the Firebug (level 4, -9/24 HPs)
             Began as a Deep Elf Fire Elementalist on Feb 14, 2021.
             Was a Follower of Sif Muna.
             Killed by divine providence
             ... invoked by an orc priest
              (10 damage)
             ... on level 4 of the Dungeon.
             The game lasted 00:07:25 (4327 turns).

Marvel the Firebug (Deep Elf Fire Elementalist)     Turns: 4327, Time: 00:07:26

Health: -9/24      AC:  3    Str:  5    XL:     4   Next: 62%
Magic:  9/12       EV: 13    Int: 27    God:    Sif Muna [*.....]
Gold:   200        SH:  0    Dex: 15    Spells: 6/11 levels left

rFire    . . .     SeeInvis .   (no weapon)
rCold    . . .     Faith    .   (no shield)
rNeg     . . .     Spirit   .   a - +0 robe
rPois    .         Reflect  .   (no helmet)
rElec    .         Harm     .   (no cloak)
rCorr    .         Rampage  .   (no gloves)
Will     .....                  e - +0 pair of boots
Stlth    +++.......             (no amulet)
HPRegen  0.08/turn              b - +6 ring of intelligence
MPRegen  0.13/turn              h - ring of stealth

@: no status effects
A: no striking features
a: Renounce Religion, Channel Magic


You were on level 4 of the Dungeon.
You worshipped Sif Muna.
Sif Muna was aware of your devotion.
You visited 1 branch of the dungeon, and saw 4 of its levels.

You collected 200 gold pieces.

Inventory:

Armour
 a - a +0 robe (worn)
 e - a +0 pair of boots (worn)
Jewellery
 b - a +6 ring of intelligence (left hand)
 h - a ring of stealth (right hand)
Wands
 n - a wand of flame (16)
Scrolls
 c - 3 scrolls of teleportation {unknown}
 d - a scroll of identify {unknown}
 g - a scroll of magic mapping {unknown}
 k - a scroll of remove curse {unknown}
 m - a scroll of fear {unknown}
 o - a scroll of enchant weapon {unknown}
Potions
 f - a potion of cancellation {unknown}
 i - 2 potions of might {unknown}
 j - a potion of haste {unknown}
 l - 2 potions of heal wounds {unknown}


   Skills:
 + Level 0.2 Fighting
 - Level 2.4 Dodging
 - Level 2.8 Stealth
 + Level 4.3 Spellcasting
 + Level 2.2 Conjurations
 + Level 4.6 Fire Magic


You had 6 spell levels left.
You knew the following spells:

 Your Spells              Type           Power        Failure   Level
a - Foxfire               Conj/Fire      96%          1%          1
b - Sticky Flame          Conj/Fire      24%          19%         4

Your spell library contained the following spells:

 Spells                   Type           Power        Failure   Level
 Conjure Flame            Conj/Fire      24%          5%          3
 Inner Flame              Hex/Fire       18%          9%          3
 Fireball                 Conj/Fire      12%          45%         5


Dungeon Overview and Level Annotations

Branches:
Dungeon (4/15)
 Temple: D:4-7

Altars:
Qazlal
Sif Muna
Wu Jian
The Shining One


Message History

Confirm with . or Enter, or press ? or * to list all spells.
You conjure some foxfire!
The orc priest mumbles some strange prayers to Beogh against you.
Beogh smites you!
Your foxfire dissipates!
You hear a shout!
The foxfire hits the orc priest.
The orc priest is heavily wounded.
The orc priest mumbles some strange prayers to Beogh against you.
Beogh smites you!
Ouch! That really hurt!
* * * LOW HITPOINT WARNING * * *
The foxfire hits the orc priest.
The orc priest is severely wounded.
The orc wizard points at itself and mumbles some strange words.
The orc wizard flickers and vanishes!
Deactivating autopickup; reactivate with Ctrl-A.
The orc priest calls down the wrath of Beogh upon you.
Beogh smites you!
You die...

#.# ##.# ## #o.#
..# ..####
##.##....
.....##..#.....
#............
##...#..§.§..
...####...#...§...
#.....@..#.......
#.####<..#.<.....
#...##...... #####
#.....


You could see an orc priest.

Vanquished Creatures
  Terence (D:3)
  An adder (D:3)
  A worm (D:3)
  2 dart slugs
  2 leopard geckos
  An orc (D:4)
  9 bats
  6 giant cockroaches
  6 goblins
  7 hobgoblins
  3 jackals (D:1)
  3 quokkas
  7 frilled lizards
  A jackal skeleton (D:4)
  4 kobolds
  13 rats
67 creatures vanquished.

Vanquished Creatures (others)
  162 foxfires
162 creatures vanquished.

Grand Total: 229 creatures vanquished

Notes
Turn   | Place    | Note
-------+----------+-------------------------------------------
     0 | D:1      | Marvel the Deep Elf Fire Elementalist began the quest for
                  | the Orb.
     0 | D:1      | Reached XP level 1. HP: 10/10 MP: 6/6
   138 | D:1      | Reached XP level 2. HP: 9/15 MP: 5/8
  1075 | D:1      | Reached XP level 3. HP: 19/19 MP: 6/9
  1715 | D:2      | Found a glowing golden altar of the Shining One.
  1930 | D:2      | Found a shimmering blue altar of Sif Muna.
  1933 | D:2      | Became a worshipper of Sif Muna the Loreminder
  2798 | D:3      | Noticed a sky beast
  3336 | D:3      | Found an ornate altar of the Wu Jian Council.
  3357 | D:3      | Reached XP level 4. HP: 24/24 MP: 9/11
  3363 | D:3      | Learned a level 4 spell: Sticky Flame
  3403 | D:3      | Found a stormy altar of Qazlal.
  3749 | D:3      | Noticed Terence
  3776 | D:3      | Killed Terence
  4039 | D:3      | Reached * piety under Sif Muna
  4325 | D:4      | HP: 1/24 [orc priest/divine providence (13)]
  4327 | D:4      | Killed from afar by an orc priest

Illustrated notes

Levels and vault maps discovered:
D:1:      amcnicky_arrival_flooded_fountain, layout_basic
D:2:      layout_loops_corners, lemuel_blue_sif_altar, tso_metal_star
D:3:      layout_loops_cross, general_overflow_altar,
          nicolae_overflow_crystal_walls, chequers_serial_rivers_micro_e,
          serial_park_tiny_1, uniq_terence
D:4:      layout_rooms, lemuel_doored_altar, gammafunk_temple_overflow_elements

Skill      XL: |  1  2  3  4 |
---------------+-------------+-----
Fire Magic     | 4 |  4.6
Spellcasting   | 4 |  4.3
Conjurations   | 2 |  2.2
Fighting       | |  0.2
Dodging        | |  2.4
Stealth        | |  2.8

Action                   |  1- 3 |  4- 6 || total
-------------------------+-------+-------++-------
Melee: Unarmed           |    41 |    18 ||    59
 Cast: Foxfire           |    70 |    35 ||   105
 Stab: Sleeping          |     2 |     3 ||     5
Armor: Robe              |    15 |     6 ||    21
Dodge: Dodged            |    55 |    23 ||    78
